 Dungeon Crawl Stone Soup version 0.29.0-7-g18a832c13a (webtiles) character file.

Game seed: 1657705688002155911

1973 spiderkeys the Ruffian (level 9, -1/89 HPs)
             Began as a Troll Gladiator on Aug 31, 2022.
             Was an Initiate of Ru.
             Slain by a hornet (13 damage)
             ... on level 5 of the Dungeon.
             The game lasted 00:06:59 (4106 turns).

spiderkeys the Ruffian (Troll Gladiator)            Turns: 4106, Time: 00:06:59

Health: -1/89      AC:  5    Str: 28    XL:     9   Next: 0%
Magic:  8/8        EV: 11    Int:  4    God:    Ru [......]
Gold:   298        SH:  0    Dex: 11    Spells: 8/8 levels left

rFire   . . .      SeeInvis .     - Unarmed
rCold   . . .      Faith    .   (no shield)
rNeg    . . .      Spirit   .   a - +0 robe
rPois   .          Reflect  .   b - +1 hat
rElec   .          Harm     .   (no cloak)
rCorr   .          Rampage  .   (gloves unavailable)
Will    .....                   (boots unavailable)
Stlth   +.........              (no amulet)
HPRegen 1.04/turn               Y - +4 ring of slaying
MPRegen 0.11/turn               (no ring)

@: lethally poisoned (-1 -> -16), slowed, very slow
A: large, unfitting armour, claws 3, regeneration 1, shaggy fur 1, tough skin 1
a: Renounce Religion


You were on level 5 of the Dungeon.
You worshipped Ru.
Ru was noncommittal.
You visited 2 branches of the dungeon, and saw 6 of its levels.

You collected 298 gold pieces.


Innate Abilities, Weirdness & Mutations

You are too large for most types of armour.
You have claws for hands.
Your natural rate of healing is unusually fast.
You are covered in fur. (AC +1)
You have tough skin. (AC +1)


   Skills:
 + Level 5.8 Fighting
 - Level 1.8 Throwing
 + Level 6.1 Dodging
 + Level 7.4 Unarmed Combat


You had 8 spell levels left.
You didn't know any spells.
Your spell library contained the following spells:

 Spells                   Type           Power      Damage    Failure   Level
 Freeze                   Ice            0%         1d3       50%         1
 Frozen Ramparts          Ice            0%         1d1       86%         3
 Hailstorm                Conj/Ice       0%         3d3       99%         4

Inventory:

Missiles
 c - 3 throwing nets (quivered) {=f!f}
 d - 2 large rocks {=f}
 j - 46 stones
 l - 6 atropa-tipped darts
Armour
 a - a +0 robe (worn)
 b - a +1 hat (worn)
 e - a +0 animal skin
   (You took it off Robin on level 2 of the Dungeon)
 k - a +0 robe
   (You found it on level 4 of the Dungeon)
 o - a +0 robe
   (You took it off Jessica on level 2 of the Dungeon)
 p - a +2 robe of willpower
   (You took it off Pikel on level 4 of the Dungeon)
 w - a +0 robe
   (You took it off Sigmund on level 4 of the Dungeon)
 y - a +0 robe
   (You took it off an orc wizard on level 4 of the Dungeon)
 C - a +0 robe
   (You took it off an orc wizard on level 4 of the Dungeon)
 D - a +0 robe
   (You found it on level 5 of the Dungeon)
 E - a +0 robe
   (You took it off an orc wizard on level 5 of the Dungeon)
Jewellery
 Y - a +4 ring of slaying (left claw)
   (You found it on level 4 of the Dungeon)
Wands
 g - a wand of flame (20)
   (You took it off Robin on level 2 of the Dungeon)
 x - a wand of mindburst (2)
   (You took it off Ijyb on level 4 of the Dungeon)
Scrolls
 f - a scroll of enchant armour
 h - a scroll of teleportation {@r4}
 i - 6 scrolls of immolation {!r!r}
 m - 2 scrolls of torment {!r}
 n - 2 scrolls of fog
 t - a scroll of poison {!r}
 F - a scroll of identify {@r1}
Potions
 q - a potion of haste {@q3}
 s - 2 potions of lignification {!q}
 u - 2 potions of heal wounds {@q2}
 v - a potion of magic
 z - a potion of brilliance {unknown}
 A - a potion of degeneration {unknown}
 B - a potion of flight {unknown}

Dungeon Overview and Level Annotations

Branches:
Dungeon (5/15) Zot: 26116  Temple (1/1) D:4 Zot: 5795

Altars:
Ashenzari
Dithmenos
Elyvilon
Fedhas
Hepliaklqana
Kikubaaqudgha
Ru
Sif Muna
Trog
Vehumet
Wu Jian
Xom
Yredelemnul
The Shining One

Shops:
D:1

( ######## #########
.......#########........
....)..##...............
.......##.####.....####.
.......##.# ##...##.?#
..........# ##.##...#
.......##.## #Y#To.#
.......##..## +#@#(o#
≈...........###lWy#
≈≈.#####....†...8o.......
#. ##...###...###.... #
#..## +#.#+ .. .< #.##
#.# #... #.# #.# ##.#.##
##.# ... ..#..##
#####..####.oo. .......


You could see a hornet (ally target), an orc priest (ally target), a friendly
ice beast (summoned), a friendly phantom (summoned) and a friendly iguana
(summoned).


Message History

You closely miss the adder. The adder bites you.
You are poisoned.
The adder poisons you! 😕 HP[-2]
You take 2 damage, and now have 87/89 hp.
You barely miss the adder.
You feel sick.
The adder bites you but does no damage. 😕 HP[-1]
You take 1 damage, and now have 86/89 hp.
You closely miss the adder.
You feel sick. The adder closely misses you.
You claw the adder!
You kill the adder!
You feel sick.
No target in view!
No target in view!
Unknown command.
No target in view!
No target in view!
You feel sick.
You feel sick.
You feel sick.
You feel sick.
You are no longer poisoned.
Key pressed, stopping explore.
You open the door.
A troll, a hornet and 2 orcs come into view.
The troll shouts!
The hornet buzzes angrily. 😎 HP[+3]
Your hp is fully restored (89).
There are monsters nearby!
There are monsters nearby!
Throw: 4 large rocks {=f}
Press: ? - help, Shift-Dir - straight line, f - hornet
Aim: a hornet (50% to hit)
You throw a large rock {=f}. The orc shouts!
The orc shouts!
The large rock {=f} hits the hornet!!
The hornet stings you.
You feel yourself slow down. The hornet stings you.
You are poisoned.
You feel as though you will be slow longer.
An orc priest comes into view. It is wielding a +0 whip. 😕 HP[-10]
You take 10 damage, and now have 79/89 hp.
Unknown command.
Throw: 3 large rocks {=f}
Press: ? - help, Shift-Dir - straight line, f - troll, p - hornet
Aim: a troll (63% to hit)
You throw a large rock {=f}.
The large rock {=f} closely misses the hornet.
The orc priest shouts!
The large rock {=f} hits the troll!!
You feel very sick. The hornet stings you.
You feel as though you will be slow longer.
The hornet stings you!
You feel as though you will be slow longer.
The hornet barely misses you. The orc closely misses you.
The hornet stings you!
You feel as though you will be slow longer.
An orc comes into view. It is wielding a +0 club.
The orc hits you but does no damage.
An orc comes into view. It is wielding a +0 hand axe.
The hornet stings you.
You are more poisoned.
You feel as though you will be slow longer. 😮 HP[-30]
You take 30 damage, and now have 49/89 hp.
MASSIVE DAMAGE!! (PAUSE)
You feel very sick. The hornet stings you!
* * * LOW HITPOINT WARNING * * *
You feel as though you will be slow longer. 😨 HP[-20]
You take 20 damage, and now have 29/89 hp.
MASSIVE DAMAGE!! (PAUSE)
As you read the scroll of summoning, it crumbles to dust.
Wisps of shadow whirl around you...
You feel very sick. The hornet stings you!
* * * LOW HITPOINT WARNING * * *
You are more poisoned.
You feel as though you will be slow longer.
The hornet stings you!
* * * LOW HITPOINT WARNING * * *
You are more poisoned.
You feel as though you will be slow longer.
The hornet closely misses you. 😱 HP[-27]
You take 27 damage, and now have 2/89 hp.
MASSIVE DAMAGE!! (PAUSE) It was a potion of heal wounds.
You feel much better.
* * * LOW HITPOINT WARNING * * *
You feel extremely sick. The hornet barely misses you.
The orc priest miscasts a cantrip.
The hornet stings you!
You die...

Skill      XL: |  1  2  3  4  5  6  7  8 |
---------------+-------------------------+-----
Fighting       | 2 3 4 5 |  5.8
Dodging        | 3 4 5 6 |  6.1
Unarmed Combat | 4 5 6 7 |  7.4
Throwing       | |  1.8

Action                   |  1- 3 |  4- 6 |  7- 9 || total
-------------------------+-------+-------+-------++-------
Melee: Unarmed           |    85 |    81 |   138 ||   304
       Punch             |       |     1 |     9 ||    10
Throw: Dart              |       |     2 |     1 ||     3
       Large rock        |       |     2 |     6 ||     8
  Use: Scroll            |     4 |     3 |     2 ||     9
       Potion            |     2 |     3 |     1 ||     6
 Stab: Sleeping          |     2 |     1 |       ||     3
Armor: Robe              |    44 |    21 |    23 ||    88
       Skin              |    54 |       |       ||    54
Dodge: Dodged            |    56 |    52 |    63 ||   171

Levels and vault maps discovered:
D:1:      minmay_arrival_four_houses, layout_basic,
          hellmonk_ecumenical_altar_blasted, serial_shops,
          nicolae_shop_bloodbath_and_beyond, minmay_misc_feat_nine_boxes,
          serial_bayou_pond_a
D:2:      layout_loops_cross, basic_altar, minmay_rat_gold_closets,
          uniq_jessica, uniq_robin
D:3:      layout_basic, mainiacjoe_overflow_small_starburst
D:4:      layout_loops_ring, fedhas_altar_decomposition,
          minmay_temple_entry_wispy, uniq_ijyb, uniq_sigmund, uniq_pikel
D:5:      cheibrodos_barr_body, layout_rooms, kennysheep_little_box,
          chequers_serial_rivers_small_b
Temple:   grunt_temple_mini_profane

Notes
Turn   | Place    | Note
-------+----------+-------------------------------------------
     0 | D:1      | spiderkeys the Troll Gladiator began the quest for the Orb.
     0 | D:1      | Reached XP level 1. HP: 19/19 MP: 0/0
   103 | D:1      | magus.rc [v1.11.3]
   130 | D:1      | Found a faded altar of an unknown god.
   168 | D:1      | Reached XP level 2. HP: 28/28 MP: 1/1
   380 | D:1      | Found Elaomnoi's Weapon Shoppe.
   634 | D:2      | Found a basalt altar of Yredelemnul.
   790 | D:2      | Reached skill level 2 in Fighting
   899 | D:2      | Noticed Robin
   907 | D:2      | HP: 7/28 [goblin/+0 club[Robin] (1)]
   916 | D:2      | Reached XP level 3. HP: 22/35 MP: 2/2
   933 | D:2      | Killed Robin
   969 | D:2      | Reached skill level 3 in Dodging
  1097 | D:2      | Noticed Jessica
  1099 | D:2      | Killed Jessica
  1100 | D:2      | Reached XP level 4. HP: 38/44 MP: 3/3
  1371 | D:3      | Noticed a scorpion
  1383 | D:3      | Killed a scorpion
  1384 | D:3      | Reached skill level 4 in Unarmed Combat
  1384 | D:3      | Reached XP level 5. HP: 52/52 MP: 4/4
  1446 | D:3      | Reached skill level 3 in Fighting
  1800 | D:3      | Found a radiant altar of Vehumet.
  1839 | D:3      | You pick up a book of Frost and begin reading...
  1839 | D:3      | You add the spells Freeze, Frozen Ramparts and Hailstorm to
                  | your library.
  2048 | D:3      | Reached XP level 6. HP: 57/61 MP: 5/5
  2246 | D:4      | Noticed Pikel
  2280 | D:4      | HP: 14/61 [Pikel/+0 whip of flaming (8)]
  2283 | D:4      | HP: 5/61 [Pikel/+0 whip of flaming (2)]
  2286 | D:4      | HP: 1/61 [Pikel/+0 whip of flaming (2)]
  2296 | D:4      | Killed Pikel
  2297 | D:4      | Reached skill level 4 in Fighting
  2297 | D:4      | Reached skill level 4 in Dodging
  2297 | D:4      | Reached skill level 5 in Unarmed Combat
  2297 | D:4      | Reached XP level 7. HP: 15/70 MP: 6/6
  2524 | D:4      | Found a staircase to the Ecumenical Temple.
  2533 | Temple   | Entered the Ecumenical Temple
  2897 | D:4      | Noticed Sigmund
  2909 | D:4      | Killed Sigmund
  2910 | D:4      | Reached skill level 5 in Dodging
  2910 | D:4      | Reached skill level 6 in Unarmed Combat
  2910 | D:4      | Reached XP level 8. HP: 45/79 MP: 7/7
  3138 | D:4      | Noticed Ijyb
  3148 | D:4      | Killed Ijyb
  3357 | D:4      | Reached skill level 5 in Fighting
  3741 | D:4      | Found a blossoming altar of Fedhas.
  3770 | D:4      | Reached skill level 7 in Unarmed Combat
  3843 | D:5      | Entered Level 5 of the Dungeon
  3848 | D:5      | Reached skill level 6 in Dodging
  3963 | D:5      | Found a sacrificial altar of Ru.
  3971 | D:5      | Became a worshipper of Ru the Awakened
  4015 | D:5      | Reached XP level 9. HP: 84/89 MP: 8/8
  4101 | D:5      | Noticed a troll
  4105 | D:5      | HP: 16/89 [hornet (11)]
  4105 | D:5      | HP: 2/89 [hornet (14)]
  4106 | D:5      | Slain by a hornet

Vanquished Creatures
  Pikel (D:4)
  Sigmund (D:4)
  A steam dragon (D:4)
  An ogre (D:5)
  A lemure (D:4)
  4 necrophages (D:4)
  5 scorpions
  A howler monkey (D:5)
  A bullfrog zombie (D:4)
  4 orc priests
  Ijyb (D:4)
  Jessica (D:2)
  An iguana (D:4)
  3 orc wizards
  3 hound zombies (D:4)
  Robin (D:2)
  5 adders
  8 gnolls (D:4)
  8 orcs
  3 endoplasms
  2 giant cockroaches
  7 hobgoblins
  A quokka (D:4)
  8 ball pythons
  6 bats
  5 frilled lizards
  14 goblins
  9 kobolds
  13 rats
  A bush (D:4)
120 creatures vanquished.

Vanquished Creatures (others)
  12 plants (D:4)
12 creatures vanquished.

Grand Total: 132 creatures vanquished

Table legend:
 A = Non-vault XP
 B = Vault XP
 C = Vault XP percentage of total XP
 D = Non-vault monster count
 E = Vault monster count
 F = Vault count percentage of total count
                 A         B        C        D         E       F
            +---------+---------+-------+---------+---------+-------
      Total |    1344 |    1475 |  52.3 |      86 |      32 |  27.1
            +---------+---------+-------+---------+---------+-------
        D:1 |      20 |       0 |   0.0 |      15 |       0 |   0.0
        D:2 |      15 |      83 |  84.7 |      10 |      21 |  67.7
        D:3 |     316 |       0 |   0.0 |      20 |       0 |   0.0
        D:4 |     647 |    1392 |  68.3 |      33 |      11 |  25.0
        D:5 |     346 |       0 |   0.0 |       8 |       0 |   0.0
            +---------+---------+-------+---------+---------+-------

Illustrated notes

Table legend:
 A = Kills in this place as a percentage of kills in entire the game.
 B = Kills by you in this place as a percentage of kills by you in the entire game.
 C = Kills by friends in this place as a percentage of kills by friends in the entire game.
 D = Other kills in this place as a percentage of other kills in the entire game.
 E = Experience gained in this place as a percentage of experience gained in the entire game.
 F = Experience gained in this place divided by the number of levels of this place that you have seen.
                   A       B       C       D       E      F
               +-------+-------+-------+-------+-------+----------------------
         Total | 100.0 | 100.0 |   N/A |   N/A | 100.0 | 469.8
       Dungeon | 100.0 | 100.0 |   N/A |   N/A | 100.0 | 563.8
               +-------+-------+-------+-------+-------+----------------------

Table legend: (Time is in decaauts)
 A = Elapsed time spent in this place.
 B = Non-inter-level travel time spent in this place.
 C = Inter-level travel time spent in this place.
 D = Time resting spent in this place.
 E = Time spent auto-exploring this place.
 F = Levels seen in this place.
 G = Mean time per level.
                   A        B        C        D        E       F      G
               +--------+--------+--------+--------+--------+-----+--------+
         Total |   4086 |   3979 |    107 |    354 |   2905 |   6 |  681.0 |
       Dungeon |   3882 |   3801 |     81 |    354 |   2731 |   5 |  776.4 |
        Temple |    204 |    178 |     26 |      0 |    174 |   1 |  204.0 |
               +--------+--------+--------+--------+--------+-----+--------+

Top non-repeatable levels by time:
     D:4: 1402 daAuts
     D:3: 858 daAuts
     D:2: 732 daAuts
     D:1: 625 daAuts
     D:5: 263 daAuts
  Temple: 204 daAuts
